 Dungeon Crawl Stone Soup version 0.28-a0-1080-g05a166d0ed (webtiles) character file.

Game seed: 17023324568894324351

0 spiderkeys the Ducker (level 1, -3/13 HPs)
             Began as a Deep Elf Abyssal Knight on Dec 10, 2021.
             Was a Follower of Lugonu.
             Constricted to death by a naga warrior skeleton (5 damage)
             ... on level 2 of the Abyss.
             The game lasted 00:00:38 (166 turns).

spiderkeys the Ducker (Deep Elf Abyssal Knight)      Turns: 166, Time: 00:00:38

Health: -3/13      AC:  4    Str: 10    XL:     1   Next: 0%
Magic:  4/4        EV:  9    Int: 14    God:    Lugonu [*.....]
Gold:   0          SH:  0    Dex: 15    Spells: 0/0 levels left

rFire   . . .      SeeInvis .   f - +1 battleaxe (holy)
rCold   . . .      Faith    .   (shield currently unavailable)
rNeg    . . .      Spirit   .   b - +0 leather armour
rPois   .          Reflect  .   (no helmet)
rElec   .          Harm     .   (no cloak)
rCorr   .          Rampage  .   c - +0 pair of gloves
Will    +....                   (no boots)
Stlth   +.........              (no amulet)
HPRegen 0.04/turn               d - ring of willpower
MPRegen 0.09/turn               (no ring)

@: constricted
A: no striking features
a: Renounce Religion, Depart the Abyss


You were on level 2 of the Abyss.
You worshipped Lugonu.
Lugonu was aware of your devotion.
You visited 0 branches of the dungeon, and saw 0 of its levels.
You visited the Abyss 1 time.


   Skills:
 + Level 2.4 Fighting
 + Level 2.0 Short Blades
 + Level 0.7 Armour
 + Level 2.4 Dodging
 + Level 2.0 Invocations


You couldn't memorise any spells.
You didn't know any spells.
Your spell library was empty.

Inventory:

Hand Weapons
 a - a +1 short sword
 f - a +1 battleaxe of holy wrath (weapon)
   (You found it on level 2 of the Abyss)
Armour
 b - a +0 leather armour (worn)
 c - a +0 pair of gloves (worn)
   (You found it on level 2 of the Abyss)
Jewellery
 d - a ring of willpower (left hand)
   (You found it on level 2 of the Abyss)
Scrolls
 e - a scroll of teleportation {unknown}

Dungeon Overview and Level Annotations

Branches:
Dungeon (0/15)

Altars:

. ... #...####.x #
.# . . # .#.#
#....#.... .# # ##.
..# ###Z #...# . # .
.. ...#. .... # # .
... # ....##.. .# .
# # #.###..#.# .
#..######Z .# .
...#..#..###.. . #
.......#@Z#.#..# .
#####...#.....####.#
#.....####.#.......#
#..##.#.#..#.#......
# ..
##.......##....#
##........##.# . ...
.. . ..##.#.###
##### ## ...## .. .#
....##...####


You could see a naga warrior skeleton.


Message History

🤖 Initializing magus.rc ... ✅ Successfully initialized magus.rc [v1.9.10] Welcome, spiderkeys the Deep Elf Abyssal Knight.
Everyone else who sought the Orb of Zot has failed.
Will you be different?
Lugonu says: Depart the Abyss and spread corruption, my servant! (use the ability menu to exit the Abyss) Press ? for a list of commands and other information.
Found a corrupted altar of Lugonu.
Found a gateway leading deeper into the Abyss.
There is a gateway leading deeper into the Abyss here.
You plunge deeper into the Abyss.
c - a +0 pair of gloves You start putting on your armour.
You continue putting on your +0 pair of gloves. x4
You finish putting on your +0 pair of gloves.
d - a ring of willpower A lurking horror comes into view.
d - a ring of willpower (left hand) Unknown command.
Unknown command.
You closely miss the lurking horror.
Your body is wracked with pain! 😮 HP[-5]
You take 5 damage, and now have 8/13 hp.
MASSIVE DAMAGE!! (PAUSE)
A naga warrior skeleton appears in a shower of sparks. 😮 HP[+1]
A small abomination comes into view. 😕 HP[+1]
e - a scroll labelled EBILOJ ZUPHYQA
Okay, then.
Okay, then.
You see here a +1 battleaxe of holy wrath.
f - a +1 battleaxe of holy wrath Your +1 battleaxe of holy wrath softly glows with a divine radiance!
f - a +1 battleaxe of holy wrath (weapon)
You slash the naga warrior skeleton!
The naga warrior skeleton convulses!
The naga warrior skeleton closely misses you.
The naga warrior skeleton grabs you.
The naga warrior skeleton constricts you. 😮 HP[-2]
You take 2 damage, and now have 8/13 hp.
You slash the naga warrior skeleton!
The naga warrior skeleton convulses.
The naga warrior skeleton hits you.
* * * LOW HITPOINT WARNING * * *
The naga warrior skeleton constricts you.
You die...

Action                   || total
-------------------------++-------
Melee: Battleaxe         ||     2
       Short sword       ||     1
Dodge: Dodged            ||     1

Levels and vault maps discovered:
Abyss:2:  base:
Temple

Notes
Turn   | Place    | Note
-------+----------+-------------------------------------------
     0 | Abyss:1  | spiderkeys the Deep Elf Abyssal Knight began the quest for
                  | the Orb.
     0 | Abyss:1  | Reached XP level 1. HP: 13/13 MP: 4/4
     0 | Abyss:1  | magus.rc [v1.9.10]
   144 | Abyss:2  | Noticed a small abomination
   166 | Abyss:2  | HP: 2/13 [naga warrior skeleton (6)]
   166 | Abyss:2  | Constricted to death by a naga warrior skeleton

Vanquished Creatures (others)
  A lurking horror (Abyss:2)
1 creature vanquished.

Table legend:
 A = Non-vault XP
 B = Vault XP
 C = Vault XP percentage of total XP
 D = Non-vault monster count
 E = Vault monster count
 F = Vault count percentage of total count
                 A         B        C        D         E       F
            +---------+---------+-------+---------+---------+-------
      Total |       0 |       0 |   N/A |       0 |       0 |  -nan
            +---------+---------+-------+---------+---------+-------
            +---------+---------+-------+---------+---------+-------

Illustrated notes

Table legend: (Time is in decaauts)
 A = Elapsed time spent in this place.
 B = Non-inter-level travel time spent in this place.
 C = Inter-level travel time spent in this place.
 D = Time resting spent in this place.
 E = Time spent auto-exploring this place.
 F = Levels seen in this place.
 G = Mean time per level.
                   A        B        C        D        E       F      G
               +--------+--------+--------+--------+--------+-----+--------+
         Total |    165 |    165 |      0 |      0 |    112 |   2 |   82.5 |
         Abyss |    165 |    165 |      0 |      0 |    112 |   2 |   82.5 |
               +--------+--------+--------+--------+--------+-----+--------+

Top non-repeatable levels by time:
 Abyss:2: 104 daAuts
 Abyss:1: 61 daAuts
